Map: Vaani Research Station (Void)

Players

Musumeci

  • Race: Zerg Zerg
  • League: Diamond
  • Spawn Location: 12:00

Morfi - Winner!

  • Race: Zerg Zerg
  • League: Diamond
  • Spawn Location: 6:00

VOD

Have the link to the VOD?

Description

Time

  • Played on: Jan. 6, 2017, 8:05 a.m.
  • Length: 12:11
Show
View Real Time Build Order
Export as new Build Order

Musumeci Zerg 

Build Orders: Hatch First 

Get SALT Encoding   

  12  0:01  Drone  
  13  0:10  Drone  
  14  0:18  Overlord  
  14  0:25  Drone, Extractor  
  15  0:37  Drone x2  
  17  0:57  Hatchery  
  16  1:09  Drone x3  
  19  1:12  Extractor  
  18  1:25  Spawning Pool  
  18  1:29  Drone  
  17  1:34  Drone  
  18  1:41  Drone  
  19  1:52  Drone  
  20  2:11  Queen  
  20  2:12  Queen  
  20  2:15  Spine Crawler  
  23  2:19  Metabolic Boost  
  23  2:23  Zergling x2  
  23  2:26  Zergling x2  
  25  2:32  Overlord  
  25  2:36  Zergling x2  
  26  2:40  Zergling x2  
  27  2:47  Baneling Nest  
  26  3:14  Drone x6  
  32  3:24  Zergling x6  
  35  3:30  Baneling x2  
  35  3:32  Baneling x2  
  35  3:33  Baneling, Zergling x2  
  36  3:51  Overlord  
  34  4:23  Zergling x20  
  40  4:37  Zergling x6  
  42  4:46  Lair  
  42  4:48  Drone  
  43  4:53  Hatchery  
  43  4:54  Extractor x2  
  37  5:25  Drone x9  
  44  5:29  Extractor  
  44  5:32  Overlord  
  44  5:34  Overlord  
  42  5:45  Roach Warren  
  36  6:06  Spine Crawler  
  36  6:07  Spine Crawler  
  33  6:28  Roach x12  
  33  6:32  Drone x2  
  59  6:50  Overlord x3  
  55  7:07  Glial Reconstitution  
  53  7:14  Drone  
  53  7:15  Drone x8  
  62  7:30  Hatchery, Ravager  
  62  7:31  Ravager  
  62  7:33  Ravager  
  62  7:34  Ravager  
  62  7:35  Ravager  
  62  7:36  Ravager  
  67  7:38  Drone  
  68  7:45  Drone  
  68  7:46  Drone  
  68  7:47  Drone  
  68  7:50  Drone  
  72  7:55  Drone  
  72  7:56  Drone  
  72  7:58  Drone  
  75  8:02  Evolution Chamber  
  75  8:05  Drone  
  75  8:06  Evolution Chamber  
  75  8:07  Drone  
  75  8:13  Ravager x4  
  75  8:14  Overseer  
  75  8:16  Overlord  
  75  8:19  Overlord  
  79  8:31  Roach  
  79  8:32  Roach  
  83  8:35  Roach x4  
  91  8:44  Drone  
  91  8:45  Drone x4  
  96  8:51  Zerg Missile Weapons Level 1  
  96  8:52  Zerg Ground Armor Level 1  
  96  8:53  Ravager  
  96  8:54  Ravager  
  98  8:56  Ravager  
  98  9:00  Drone x3  
  98  9:01  Drone  
  103  9:03  Drone  
  103  9:06  Overlord  
  104  9:12  Ravager  
  105  9:28  Extractor  
  105  9:31  Roach x4  
  112  9:49  Zergling x2  
  113  10:05  Unknown x2  
  113  10:06  Unknown  
  113  10:11  Unknown  
  113  10:16  Overlord x4  
  111  10:33  Extractor  
  110  10:36  Roach  
  110  10:37  Roach x9  
  67  11:04  Roach  
  67  11:05  Roach x9  
  57  11:14  Roach  
  57  11:15  Roach  
  57  11:17  Queen x3  
  51  11:26  Drone x6  
  51  11:32  Drone  
  58  11:33  Drone  
  58  11:36  Drone  
  58  11:39  Drone  
  61  11:44  Unknown  
  55  11:55  Drone x7  
Show
View Real Time Build Order
Export as new Build Order

Morfi Zerg - Winner!

Build Orders: Pool First 

Get SALT Encoding   

  12  0:01  Drone  
  13  0:13  Overlord  
  13  0:18  Drone  
  14  0:31  Drone x2  
  17  0:35  Drone  
  17  0:41  Extractor  
  16  0:47  Drone  
  17  0:52  Spawning Pool  
  17  0:57  Drone  
  17  1:08  Drone  
  18  1:27  Hatchery  
  18  1:30  Drone  
  18  1:39  Queen  
  20  1:48  Overlord  
  20  1:53  Metabolic Boost  
  20  1:59  Zergling x2  
  21  2:02  Zergling x2  
  21  2:07  Zergling x2  
  23  2:13  Baneling Nest  
  22  2:19  Drone  
  23  2:26  Queen  
  25  2:33  Drone  
  26  2:41  Drone x2  
  28  2:56  Overlord  
  28  2:58  Drone x3  
  31  3:10  Drone x3  
  34  3:13  Zergling x2  
  35  3:27  Drone x4  
  39  3:40  Hatchery  
  38  3:49  Baneling x2  
  38  3:52  Baneling  
  38  3:55  Drone x3  
  40  3:56  Drone  
  40  3:59  Drone x2  
  44  4:03  Lair, Roach Warren  
  43  4:13  Zergling x2  
  43  4:14  Zergling x2  
  43  4:22  Spine Crawler x2, Queen  
  43  4:23  Spine Crawler  
  42  4:26  Zergling x2  
  42  4:27  Zergling x2  
  42  4:29  Overlord x2  
  43  4:42  Baneling  
  43  4:43  Baneling x3  
  43  4:54  Roach  
  43  4:55  Roach x6  
  56  5:27  Zergling x2  
  56  5:28  Zergling x6  
  60  5:29  Overlord x2  
  60  5:49  Baneling x2  
  59  5:59  Zergling x2  
  59  6:00  Zergling x10  
  65  6:07  Hatchery  
  64  6:12  Overseer  
  64  6:15  Zergling x4  
  64  6:16  Hatchery, Zergling x8  
  69  6:37  Hatchery  
  49  7:07  Roach  
  49  7:08  Roach x9  
  68  7:19  Extractor, Overlord  
  68  7:21  Extractor  
  66  7:30  Drone x2  
  66  7:31  Drone x4, Evolution Chamber  
  71  7:50  Overlord  
  71  7:51  Overlord x2  
  71  7:53  Drone x4  
  75  7:59  Extractor  
  75  8:00  Drone x3  
  75  8:01  Roach  
  75  8:02  Roach x4  
  87  8:18  Zerg Missile Weapons Level 1  
  89  8:20  Roach x5  
  97  8:31  Drone x6  
  97  8:32  Drone x2  
  105  8:42  Queen  
  105  8:46  Ravager x3  
  111  8:48  Ravager  
  111  8:51  Zergling x16  
  119  9:03  Overlord  
  119  9:04  Overlord  
  119  9:05  Overlord x3  
  119  9:29  Roach x5  
  119  9:30  Roach x12  
  153  9:35  Overlord  
  153  9:43  Unknown  
  153  10:03  Overlord x4  
  151  10:32  Unknown  
  141  10:51  Roach  
  141  10:52  Roach x19  
  141  10:53  Roach x4  
  139  11:15  Roach  
  139  11:16  Roach x12  
  138  11:30  Evolution Chamber  
  129  11:38  Ravager x2  
  129  11:39  Ravager  
  132  11:47  Roach  
  132  11:48  Roach x7  
Tags
 
Add a new tag
Caveats
  • Supply blocks, unpowered buildings, or Contaminate may cause inaccurate times.
  • Supply counts are checked every 10 seconds.